 Dungeon Crawl Stone Soup version 0.27-a0-1189-gb8eb6cee8e (webtiles) character file.

Game seed: 1054948593883450687

29 Sobieck the Chopper (level 3, -1/31 HPs)
             Began as a Hill Orc Fighter on May 22, 2021.
             Slain by an iguana (10 damage)
             ... on level 4 of the Dungeon.
             The game lasted 00:01:49 (803 turns).

Sobieck the Chopper (Hill Orc Fighter)               Turns: 803, Time: 00:01:50

Health: -1/31      AC:  8    Str: 19    XL:     3   Next: 16%
Magic:  3/3        EV:  7    Int:  8    God:
Gold:   69         SH:  9    Dex: 16    Spells: 2/2 levels left

rFire    . . .     SeeInvis .   a - +0 war axe {axe}
rCold    . . .     Faith    .   c - +0 kite shield
rNeg     . . .     Spirit   .   b - +0 scale mail
rPois    .         Reflect  .   (no helmet)
rElec    .         Harm     .   (no cloak)
rCorr    .         Rampage  .   (no gloves)
Will     +....                  j - +0 pair of boots
Stlth    ..........             (no amulet)
HPRegen  0.10/turn              k - ring of willpower
MPRegen  0.08/turn              m - +6 ring of dexterity

@: mighty
A: no striking features
a: no special abilities


You were on level 4 of the Dungeon.
You visited 1 branch of the dungeon, and saw 4 of its levels.

You collected 69 gold pieces.


   Skills:
 - Level 3.6 Fighting
 + Level 4.7 Axes
 - Level 3.2 Armour
 - Level 3.2 Shields


You had 2 spell levels left.
You didn't know any spells.
Your spell library contained the following spells:

 Spells                   Type           Power      Damage    Failure   Level
 Confusing Touch          Hex            0%         N/A       100%        3
 Gell's Gravitas          Tloc           0%         N/A       100%        3
 Petrify                  Tmut/Erth      0%         N/A       100%        4
 Metabolic Englaciation   Hex/Ice        0%         N/A       100%        5
 Yara's Violent Unravell  Hex/Tmut       0%         3d3       100%        5

Inventory:

Hand Weapons
 a - a +0 war axe (weapon) {axe}
 l - a +1 whip of freezing {mace}
   (You found it on level 2 of the Dungeon)
Missiles
 e - 55 stones (quivered) {throwing}
 g - 14 arrows
Armour
 b - a +0 scale mail (worn)
 c - a +0 kite shield (worn)
 j - a +0 pair of boots (worn)
   (You found it on level 1 of the Dungeon)
Jewellery
 h - a ring of fire
   (You found it on level 1 of the Dungeon)
 k - a ring of willpower (left hand)
   (You found it on level 1 of the Dungeon)
 m - a +6 ring of dexterity (right hand)
   (You found it on level 2 of the Dungeon)
 o - a +4 ring of evasion
   (You found it on level 4 of the Dungeon)
Wands
 n - a wand of paralysis (12)
   (You found it on level 4 of the Dungeon)
Scrolls
 f - a scroll of identify {unknown}
Potions
 d - a potion of might
 i - a potion of curing {unknown}

Dungeon Overview and Level Annotations

Branches:
Dungeon (4/15)
 Temple: D:4-7

Altars:
Elyvilon

#####################
(............#.......
.............#.......
.............#.......
...((.l@.....#.....
..##...##...##...#
#...##...##...###
.....#...........#
.......#...........#
.......#...........#
.......+...........#
.......#....##....######
##...##....##...#


You could see an iguana.


Message History

You barely miss the giant cockroach. The giant cockroach closely misses you.
You hit the giant cockroach. You block the giant cockroach's attack.
The giant cockroach barely misses you.
You hit the giant cockroach but do no damage.
The giant cockroach bites you but does no damage. x2
You hit the giant cockroach.
You kill the giant cockroach!
You have reached level 3!
Your experience leads to an increase in your attributes!
Your base attributes are Str 18, Int 8, Dex 10.
Increase (S)trength, (I)ntelligence, or (D)exterity?
You feel stronger. 😎 HP[+5] MP[+1]
You now have 31 max hp (+5).
Your hp is fully restored (31).
Your mp is fully restored (3).
e - 51 stones {throwing} (gained 1)
e - 54 stones {throwing} (gained 3)
A ball python comes into view.
You throw a stone {throwing}.
The stone {throwing} closely misses the ball python.
The ball python hisses angrily.
No target in view!
No target in view!
You slash the ball python!
You kill the ball python!
A kobold comes into view. It is wielding a +0 whip.
The kobold shouts!
The kobold throws a stone.
You block the stone.
Found 29 sling bullets.
Found a white marble altar of Elyvilon.
The kobold throws a stone.
You block the stone.
The kobold hits you with a +0 whip. 😕 HP[-1]
You take 1 damage, and now have 30/31 hp.
You closely miss the kobold. You block the kobold's attack.
You hit the kobold.
You kill the kobold!
e - 58 stones {throwing} (gained 5)
You see here a +0 whip {mace}.
You see here a +0 whip {mace}.
A goblin comes into view. It is wielding a +0 dagger.
The goblin shouts! 😎 HP[+1]
Your hp is fully restored (31).
You throw a stone {throwing}.
The stone {throwing} hits the goblin but does no damage.
The goblin hits you but does no damage.
You slash the goblin!
You kill the goblin!
No target in view!
No target in view!
e - 58 stones {throwing} (gained 1)
Things that are here:
a +0 dagger {short}; a goblin corpse
Found a stone staircase leading down.
(D) Dungeon
Where to? (Enter - D:3, ? - help)
There is a stone staircase leading down here.
You climb downwards.
There is a stone staircase leading up here.
A goblin comes into view. It is wielding a +0 club.
The goblin shouts!
The goblin hits you with a +0 club. 😕 HP[-3]
You take 3 damage, and now have 28/31 hp.
You barely miss the goblin. The goblin closely misses you.
You hit the goblin. You block the goblin's attack. x2
You hit the goblin.
You kill the goblin!
No target in view!
Things that are here:
a +0 club {mace}; a goblin corpse; 😎 HP[+3]
Your hp is fully restored (31).
n - a wand of paralysis (12)
o - a +4 ring of evasion
Okay, then.
An iguana comes into view.
You throw a stone {throwing}.
The stone {throwing} barely misses the iguana.
You throw a stone {throwing}. The stone {throwing} hits the iguana.
You throw a stone {throwing}. The stone {throwing} hits the iguana.
You barely miss the iguana. The iguana bites you. 😕 HP[-6]
You take 6 damage, and now have 25/31 hp.
You barely miss the iguana. The iguana closely misses you.
You block the iguana's attack.
You hit the iguana but do no damage. The iguana bites you!
* * * LOW HITPOINT WARNING * * *
😨 HP[-11]
You take 11 damage, and now have 14/31 hp.
MASSIVE DAMAGE!! (PAUSE)
You barely miss the iguana. The iguana closely misses you.
The iguana bites you.
* * * LOW HITPOINT WARNING * * *
😨 HP[-5]
You take 5 damage, and now have 9/31 hp.
You feel very mighty all of a sudden.
The iguana hisses menacingly.
You block the iguana's attack.
You closely miss the iguana. The iguana bites you!
You die...

Skill      XL: |  1  2 |
---------------+-------+-----
Axes           | 3 4 |  4.7
Fighting       | |  3.6
Armour         | |  3.2
Shields        | |  3.2

Action                   || total
-------------------------++-------
Melee: War axe           ||    61
Throw: Stone             ||    32
  Use: Potion            ||     1
Armor: Scale mail        ||    22
Dodge: Dodged            ||    18
Block: Kite shield       ||    40

Levels and vault maps discovered:
D:1:      minmay_arrival_shattered_statue, layout_loops_ring,
          hellmonk_ecumenical_altar_pennies_from_heaven
D:2:      layout_loops_ring, minmay_pentomino_p4
D:3:      layout_basic, lemuel_tele_altar, uniq_robin
D:4:      layout_gridville

Notes
Turn   | Place    | Note
-------+----------+-------------------------------------------
     0 | D:1      | Sobieck the Hill Orc Fighter began the quest for the Orb.
     0 | D:1      | Reached XP level 1. HP: 19/19 MP: 1/1
     0 | D:1      | magus.rc [v1.9.6]
   111 | D:1      | Reached skill level 3 in Axes
   180 | D:1      | Reached XP level 2. HP: 22/26 MP: 2/2
   231 | D:1      | You pick up a book of Misfortune and begin reading...
   231 | D:1      | You add the spells Confusing Touch, Gell's Gravitas,
                  | Petrify, Metabolic Englaciation and Yara's Violent
                  | Unravelling to your library.
   410 | D:2      | Reached skill level 4 in Axes
   616 | D:3      | Reached XP level 3. HP: 31/31 MP: 3/3
   671 | D:3      | Found a white marble altar of Elyvilon.
   803 | D:4      | Slain by an iguana

Vanquished Creatures
  An adder (D:2)
  An endoplasm (D:1)
  A giant cockroach (D:3)
  4 goblins
  2 quokkas (D:1)
  2 ball pythons
  4 frilled lizards
  2 kobolds
  4 rats
21 creatures vanquished.

Table legend:
 A = Non-vault XP
 B = Vault XP
 C = Vault XP percentage of total XP
 D = Non-vault monster count
 E = Vault monster count
 F = Vault count percentage of total count
                 A         B        C        D         E       F
            +---------+---------+-------+---------+---------+-------
      Total |      42 |       0 |   0.0 |      21 |       0 |   0.0
            +---------+---------+-------+---------+---------+-------
        D:1 |      16 |       0 |   0.0 |      12 |       0 |   0.0
        D:2 |      16 |       0 |   0.0 |       3 |       0 |   0.0
        D:3 |       8 |       0 |   0.0 |       5 |       0 |   0.0
        D:4 |       2 |       0 |   0.0 |       1 |       0 |   0.0
            +---------+---------+-------+---------+---------+-------

Illustrated notes

Table legend:
 A = Kills in this place as a percentage of kills in entire the game.
 B = Kills by you in this place as a percentage of kills by you in the entire game.
 C = Kills by friends in this place as a percentage of kills by friends in the entire game.
 D = Other kills in this place as a percentage of other kills in the entire game.
 E = Experience gained in this place as a percentage of experience gained in the entire game.
 F = Experience gained in this place divided by the number of levels of this place that you have seen.
                   A       B       C       D       E      F
               +-------+-------+-------+-------+-------+----------------------
         Total | 100.0 | 100.0 |   N/A |   N/A | 100.0 |  10.5
       Dungeon | 100.0 | 100.0 |   N/A |   N/A | 100.0 |  10.5
               +-------+-------+-------+-------+-------+----------------------

Table legend: (Time is in decaauts)
 A = Elapsed time spent in this place.
 B = Non-inter-level travel time spent in this place.
 C = Inter-level travel time spent in this place.
 D = Time resting spent in this place.
 E = Time spent auto-exploring this place.
 F = Levels seen in this place.
 G = Mean time per level.
                   A        B        C        D        E       F      G
               +--------+--------+--------+--------+--------+-----+--------+
         Total |    845 |    818 |     27 |      0 |    564 |   4 |  211.2 |
       Dungeon |    845 |    818 |     27 |      0 |    564 |   4 |  211.2 |
               +--------+--------+--------+--------+--------+-----+--------+

Top non-repeatable levels by time:
     D:1: 421 daAuts
     D:3: 196 daAuts
     D:2: 138 daAuts
     D:4: 89 daAuts
